 Dungeon Crawl Stone Soup version 0.21.1-1-g345015f (webtiles) character file.

303 shakethe the Chopper (level 6, -4/44 HPs)
             Began as a Demonspawn Gladiator on Feb 8, 2018.
             Slain by a bullfrog (7 damage)
             ... in a sewer.
             The game lasted 00:05:27 (2326 turns).

shakethe the Chopper (Demonspawn Gladiator)         Turns: 2326, Time: 00:05:28

Health: -4/44      AC:  3    Str: 14    XL:     6   Next: 15%
Magic:  6/6        EV: 13    Int: 10    God:
Gold:   46         SH:  7    Dex: 16    Spells: 5/5 levels left

rFire    . . .     SeeInvis .   a - +0 war axe
rCold    . . .     Gourm    .   k - +2 buckler
rNeg     . . .     Faith    .   b - +0 leather armour
rPois    .         Spirit   .   (helmet restricted)
rElec    .         Reflect  .   (no cloak)
rCorr    .         Harm     .   (no gloves)
MR       .....                  (no boots)
Stlth    +.........             (no amulet)
HPRegen  0.14/turn              (no ring)
MPRegen  0.10/turn              (no ring)

@: very slow
A: claws 1, horns 2, talons 1, powered by pain 1
a: no special abilities


You were in a sewer.
You were not hungry.

You visited 1 branch of the dungeon, and saw 3 of its levels.
You also visited: Sewer.

You collected 46 gold pieces.

Inventory:

Hand Weapons
 a - a +0 war axe (weapon)
Missiles
 d - 2 throwing nets (quivered)
Armour
 b - a +0 leather armour (worn)
 c - a +0 helmet
 k - a +2 buckler (worn)
Jewellery
 g - an uncursed ring of ice {unknown}
 j - a +2 ring of dexterity {unknown}
 n - an uncursed ring of protection from cold
 r - an uncursed ring of protection from cold
Potions
 e - 2 potions of invisibility {unknown}
 i - a potion of curing {unknown}
 l - 2 potions of heal wounds {unknown}
Comestibles
 f - 5 rations


   Skills:
 - Level 2.0 Fighting
 * Level 4.3 Axes
 - Level 1.7 Throwing
 + Level 2.1 Armour
 + Level 3.5 Dodging
 * Level 2.6 Shields


You had 5 spell levels left.
You didn't know any spells.

Dungeon Overview and Level Annotations

Branches:
Dungeon (3/15)

Altars:
Gozag


Innate Abilities, Weirdness & Mutations

You have sharp fingernails.
You have a pair of horns on your head.
You have sharp toenails.
You sometimes gain a little power by taking damage.


Message History

g - Guard the area. f - Follow me.
Anything else - Cancel.
Okay, then.
The bullfrog barely misses you. The bullfrog hits you.
* * * LOW HITPOINT WARNING * * *
You block the bullfrog's attack.
Unknown command.
Throwing (i - inventory):
d - 3 throwing nets (quivered)
Press: ? - help, Shift-Dir - straight line, f - bullfrog
Aim: a bullfrog (lightly wounded)
You throw a throwing net.
The throwing net closely misses the bullfrog.
The throwing net closely misses the frilled lizard.
The throwing net hits the frilled lizard.
The frilled lizard is caught in the net!
The bullfrog closely misses you.
The bullfrog hits you but does no damage.
The frilled lizard struggles against the net.
The bullfrog hits you!
You die...

#≈≈†##≈.≈## ≈≈.≈≈...≈≈##≈≈≈##≈≈≈
#≈≈≈#≈≈††# ≈.≈.$.[..≈≈#.≈≈≈#≈≈≈
#≈†≈#≈≈≈≈# ≈≈≈≈..?$.≈≈#.≈.≈#...
#≈.†#≈≈≈≈# ≈≈≈.≈≈%≈≈≈≈#≈≈≈≈#≈≈.
#≈≈.##≈≈≈## ≈≈J≈≈≈≈...≈#≈≈≈##≈≈≈
#.≈≈≈#≈≈≈≈##≈≈≈≈≈≈≈≈†≈≈#≈≈.#≈≈≈≈
##≈≈.##≈≈≈≈###≈≈≈≈≈#.≈##.≈##†≈.#
#≈≈≈≈##≈≈≈.†#######≈.#†.##≈.≈≈#
##≈.≈.###.≈≈≈≈@Fl.l≈##≈≈#≈.≈≈##
##.≈≈≈≈####.≈.Fl≈..#≈≈≈≈≈≈≈##
##≈≈≈.†≈≈#≈∩.#######≈.≈####
#####≈†≈≈#####≈.≈≈.#≈≈##
#∩≈.####≈≈≈≈≈≈≈≈≈≈≈####
##....≈#########≈.≈#
###.∩..≈.≈≈..≈.≈≈≈#
#####.≈≈≈≈≈.≈≈≈≈# #############


You could see 2 bullfrogs and 3 frilled lizards.

Vanquished Creatures
  An orc wizard (D:3)
  A worker ant (D:2)
  Robin (D:2)
  A river rat (D:3)
  6 adders
  8 oozes
  4 worms
  A dart slug (D:2)
  9 leopard geckos
  7 orcs (D:3)
  11 ball pythons
  6 bats
  15 giant cockroaches
  12 goblins
  5 hobgoblins
  10 kobolds
  A quokka (D:2)
  11 frilled lizards
  8 rats
118 creatures vanquished.

Notes
Turn   | Place    | Note
-------+----------+-------------------------------------------
     0 | D:1      | shakethe the Demonspawn Gladiator began the quest for the Orb.
     0 | D:1      | Reached XP level 1. HP: 16/16 MP: 1/1
   123 | D:1      | Reached skill level 3 in Axes
   146 | D:1      | Gained mutation: You have sharp toenails. [demonic ancestry]
   146 | D:1      | Reached XP level 2. HP: 17/22 MP: 2/2
   593 | D:2      | Reached skill level 1 in Armour
   629 | D:2      | Gained mutation: You sometimes gain a little power by taking damage. [demonic ancestry]
   629 | D:2      | Reached XP level 3. HP: 27/27 MP: 3/3
   641 | D:2      | Reached skill level 1 in Shields
   713 | D:2      | Gained mutation: You have a pair of small horns on your head. [demonic ancestry]
   713 | D:2      | Reached XP level 4. HP: 22/33 MP: 4/4
  1005 | D:2      | Noticed Robin
  1008 | D:2      | Killed Robin
  1681 | D:3      | Found an opulent altar of Gozag.
  1733 | D:3      | Gained mutation: You have a pair of horns on your head. [demonic ancestry]
  1733 | D:3      | Reached XP level 5. HP: 34/38 MP: 5/5
  1778 | D:3      | Reached skill level 4 in Axes
  1791 | D:3      | Found a glowing drain.
  1842 | Sewer    | Entered a sewer
  2196 | Sewer    | Gained mutation: You have sharp fingernails. [demonic ancestry]
  2196 | Sewer    | Reached XP level 6. HP: 32/44 MP: 6/6
  2326 | Sewer    | Slain by a bullfrog

Skill      XL: |  1  2  3  4  5 |
---------------+----------------+-----
Axes           | 3 4 |  4.3
Armour         | 1 2 |  2.1
Dodging        | 3 |  3.5
Shields        | 1 2 |  2.6
Fighting       | |  2.0
Throwing       | |  1.7

Action                   |  1- 3 |  4- 6 || total
-------------------------+-------+-------++-------
Melee: War axe           |    66 |   236 ||   302
       Kick              |    18 |    46 ||    64
       Headbutt          |       |    30 ||    30
Throw: Throwing net      |       |     1 ||     1
  Use: Scroll            |       |     6 ||     6
  Eat: Chunk             |       |     5 ||     5
Armor: Leather armour    |    25 |    37 ||    62
Dodge: Dodged            |    49 |   163 ||   212
Block: Buckler           |    18 |   103 ||   121
